 Dungeon Crawl Stone Soup version 0.29-a0-529-gfa20dd96a1 (webtiles) character file.

Game seed: 16283837793580246623

76 dohliylev the Stinger (level 4, -1/21 HPs)
             Began as a Spriggan Venom Mage on June 1, 2022.
             Killed from afar by Natasha (11 damage)
             ... with a magic dart
             ... on level 3 of the Dungeon.
             The game lasted 00:08:15 (2884 turns).

dohliylev the Stinger (Spriggan Venom Mage)         Turns: 2884, Time: 00:08:15

Health: -1/21      AC:  2    Str:  4    XL:     4   Next: 12%
Magic:  4/10       EV: 17    Int: 18    God:
Gold:   150        SH:  0    Dex: 15    Spells: 7/10 levels left

rFire   . . .      SeeInvis +   h - staff of conjuration
rCold   . . .      Faith    .   (shield currently unavailable)
rNeg    . . .      Spirit   .   a - +0 robe
rPois   .          Reflect  .   (helmet restricted)
rElec   .          Harm     .   (no cloak)
rCorr   +          Rampage  .   (gloves unavailable)
Will    .....                   (boots unavailable)
Stlth   ++........              (no amulet)
HPRegen 0.07/turn               e - ring of resist corrosion
MPRegen 0.12/turn               (no ring)

@: slowed, quick
A: very small, no large weapons, unfitting armour, see invisible, speed 3
a: no special abilities


You were on level 3 of the Dungeon.
You visited 1 branch of the dungeon, and saw 3 of its levels.

You collected 150 gold pieces.

Inventory:

Armour
 a - a +0 robe (worn)
Magical Staves
 h - a staff of conjuration (weapon)
Jewellery
 e - a ring of resist corrosion (left hand)
Scrolls
 g - a scroll of silence {unknown}
 i - 3 scrolls of identify {unknown}
 l - 2 scrolls of teleportation {unknown}
 m - a scroll of magic mapping {unknown}
 o - a scroll of blinking {unknown}
Potions
 b - a potion of magic
 c - 3 potions of heal wounds {unknown}
 d - 3 potions of curing
 f - 2 potions of resistance {unknown}
 j - a potion of mutation {unknown}
 k - 2 potions of might {unknown}
 n - 2 potions of lignification {unknown}


   Skills:
 + Level 3.0 Dodging
 - Level 3.0 Stealth
 + Level 3.6 Spellcasting
 + Level 2.3 Transmutations
 + Level 0.9 Air Magic
 + Level 3.9 Poison Magic


You had 7 spell levels left.
You knew the following spells:

 Your Spells              Type           Power      Damage    Failure   Level
a - Sting                 Tmut/Pois      56%        1d5       4%          1
b - Poisonous Vapours     Pois/Air       22%        N/A       9%          2

Your spell library contained the following spells:

 Spells                   Type           Power      Damage    Failure   Level
 Mephitic Cloud           Conj/Pois/Air  13%        N/A       24%         3
 Olgreb's Toxic Radiance  Pois           17%        N/A       30%         4


Dungeon Overview and Level Annotations

Branches:
Dungeon (3/15)

Altars:

Annotations:
D:3 Natasha


Innate Abilities, Weirdness & Mutations

You are very small and have problems with some larger weapons.
You are too small for most types of armour.
You have supernaturally acute eyesight. (SInv)
You cover ground extremely quickly. (Speed+++)


Message History

You now have 150 gold pieces (gained 19).
Natasha, Servant of Life and Death comes into view.
Found a stone staircase leading down.
Casting: Poisonous Vapours (safe; 9% risk of failure)
Confirm with . or Enter, or press ? or * to list all spells.
Aiming: Poisonous Vapours (safe; 9% risk of failure)
Press: ? - help, Dir - move target, f - Natasha
Aim: Natasha (asleep) Poisonous vapours surround Natasha!
Natasha is poisoned.
Natasha hisses angrily.
Aiming: Sting (safe; 4% risk of failure)
Press: ? - help, Q - select action, (/) - cycle Shift-Dir - straight line, f/p - Natasha
Aim: Natasha (lightly wounded, poisoned, 64% to hit)
The sting hits Natasha but does no damage.
Natasha looks even sicker.
Natasha is lightly wounded.
Natasha claws you.
Aiming: Sting (safe; 4% risk of failure)
Press: ? - help, Q - select action, (/) - cycle Shift-Dir - straight line, f/p - Natasha
Aim: Natasha (moderately wounded, very poisoned, 64% to hit)
The sting misses Natasha.
Natasha stares at you and mumbles some strange words.
You feel yourself slow down.
Aiming: Sting (safe; 4% risk of failure)
Press: ? - help, Q - select action, (/) - cycle Shift-Dir - straight line, f/p - Natasha
Aim: Natasha (moderately wounded, very poisoned, 64% to hit)
The sting hits Natasha.
Natasha looks even sicker.
Natasha is moderately wounded.
Natasha claws you!
Aiming: Sting (safe; 4% risk of failure)
Press: ? - help, Q - select action, (/) - cycle Shift-Dir - straight line, f/p - Natasha
Aim: Natasha (moderately wounded, very poisoned, 64% to hit)
The sting hits Natasha.
Natasha looks as sick as possible!
Natasha is moderately wounded.
Natasha stares at you and mumbles some strange words.
You feel as though you will be slow longer.
Natasha casts a spell at you. The magic dart hits you!
Ouch! That really hurt!
You die...

#.# #.# #.# ##.# #.
#.# ##.# #.#######.#
##.# #... >..#.#
##.#
#..####.#.######.
##.#
#.....>..........
##.# #.......#h#
##.### #......@..#
.....# ##.......###
####.####........#
#........##.###
######.####.#### #.#
#.... #.# #..#
#########.####..####
.<..................


You could see Natasha (extremely poisoned).

Vanquished Creatures
  3 adders (D:2)
  3 endoplasms
  3 giant cockroaches (D:1)
  4 goblins
  5 hobgoblins
  3 jackals (D:1)
  A quokka (D:2)
  9 ball pythons
  A bat (D:1)
  5 frilled lizards
  7 kobolds
  2 rats
46 creatures vanquished.

Notes
Turn   | Place    | Note
-------+----------+-------------------------------------------
     0 | D:1      | dohliylev the Spriggan Venom Mage began the quest for the
                  | Orb.
     0 | D:1      | Reached XP level 1. HP: 9/9 MP: 5/5
   363 | D:1      | Reached XP level 2. HP: 13/13 MP: 3/6
   366 | D:1      | Learned a level 2 spell: Poisonous Vapours
  1139 | D:1      | Reached XP level 3. HP: 16/16 MP: 1/8
  2301 | D:2      | Reached XP level 4. HP: 21/21 MP: 0/10
  2877 | D:3      | Noticed Natasha
  2884 | D:3      | Killed from afar by Natasha

Illustrated notes

Levels and vault maps discovered:
D:1:      pf_arrival_petrified_forest, layout_rooms, minmay_split_cup_large
D:2:      layout_basic
D:3:      layout_loops_ring, serial_shops, nicolae_lakefront_shop, uniq_natasha

Skill      XL: |  1  2 |
---------------+-------+-----
Spellcasting   | 3 |  3.6
Transmutations | 2 |  2.3
Dodging        | 3 |  3.0
Stealth        | |  3.0
Air Magic      | |  0.9
Poison Magic   | |  3.9

Action                   |  1- 3 |  4- 6 || total
-------------------------+-------+-------++-------
Melee: Staff             |     2 |       ||     2
 Cast: Sting             |    57 |     7 ||    64
       Poisonous Vapours |    34 |     8 ||    42
Armor: Robe              |     7 |       ||     7
Dodge: Dodged            |    19 |       ||    19

Table legend: (Time is in decaauts)
 A = Elapsed time spent in this place.
 B = Non-inter-level travel time spent in this place.
 C = Inter-level travel time spent in this place.
 D = Time resting spent in this place.
 E = Time spent auto-exploring this place.
 F = Levels seen in this place.
 G = Mean time per level.
                   A        B        C        D        E       F      G
               +--------+--------+--------+--------+--------+-----+--------+
         Total |   2324 |   2299 |     25 |   1212 |    718 |   3 |  774.7 |
       Dungeon |   2324 |   2299 |     25 |   1212 |    718 |   3 |  774.7 |
               +--------+--------+--------+--------+--------+-----+--------+

Top non-repeatable levels by time:
     D:2: 1170 daAuts
     D:1: 1025 daAuts
     D:3: 128 daAuts
